Map: Lightshade LE

Players

PartinG

  • Race: Protoss Protoss
  • League: Grandmaster
  • Spawn Location: 11:00

Solar - Winner!

  • Race: Zerg Zerg
  • League: Grandmaster
  • Spawn Location: 5:00

Event: ASUS ROG Online 2020

VOD

Have the link to the VOD?

Description

Time

  • Played on: Nov. 29, 2020, 9:07 a.m.
  • Length: 12:06

All games in this series

Show
View Real Time Build Order
Export as new Build Order

PartinG Protoss 

Build Orders: 1 Gate Expand, Mass Adepts 

Get SALT Encoding   

  12  0:00  Probe  
  13  0:13  Pylon  
  13  0:17  Probe (Chrono Boost)  
  14  0:27  Probe (Chrono Boost)  
  15  0:32  Probe (Chrono Boost)  
  16  0:42  Gateway  
  16  0:44  Probe  
  16  0:47  Assimilator  
  17  0:56  Probe  
  18  1:08  Probe  
  19  1:20  Probe  
  20  1:27  Nexus  
  20  1:35  Cybernetics Core  
  20  1:38  Probe  
  21  1:43  Assimilator  
  21  1:50  Probe  
  22  1:54  Pylon  
  22  2:03  Probe  
  23  2:10  Adept (Chrono Boost)  
  23  2:11  Warp Gate  
  23  2:15  Probe  
  26  2:20  Twilight Council  
  26  2:27  Probe  
  27  2:30  Stalker (Chrono Boost)  
  29  2:39  Probe (Chrono Boost)  
  31  2:46  Probe (Chrono Boost)  
  31  2:49  Robotics Facility, Probe (Chrono Boost)  
  32  2:53  Probe (Chrono Boost)  
  32  2:56  Probe  
  34  3:04  Probe  
  35  3:06  Gateway  
  35  3:07  Resonating Glaives (Chrono Boost)  
  36  3:14  Adept  
  36  3:17  Probe  
  36  3:18  Probe  
  39  3:25  Gateway  
  39  3:31  Probe x2  
  41  3:38  Warp Prism (Chrono Boost)  
  43  3:42  Pylon  
  43  3:45  Probe  
  43  3:46  Probe  
  45  3:51  Pylon  
  45  3:57  Assimilator  
  45  4:02  Adept x2  
  49  4:03  Probe  
  49  4:05  Probe  
  49  4:06  Observer (Chrono Boost)  
  52  4:18  Probe x2  
  52  4:22  Dark Shrine  
  54  4:28  Adept x3  
  54  4:30  Pylon  
  60  4:31  Probe x2  
  62  4:48  Probe  
  62  4:49  Probe  
  62  4:52  Adept x3  
  70  4:53  Pylon  
  70  5:03  Nexus  
  70  5:13  Probe x2  
  72  5:16  Shield Battery  
  72  5:19  Pylon  
  72  5:25  Probe x2  
  72  5:26  Immortal  
  78  5:29  Assimilator  
  78  5:38  Probe x2  
  78  5:41  Forge  
  78  5:42  Dark Templar x2  
  84  5:43  Dark Templar  
  80  6:00  Probe x2  
  80  6:02  Blink (Chrono Boost)  
  69  6:07  Gateway  
  69  6:09  Gateway  
  67  6:12  Probe x2  
  67  6:13  Shield Battery  
  69  6:18  Protoss Ground Weapons Level 1 (Chrono Boost), Dark Templar  
  69  6:19  Pylon  
  69  6:22  Stalker x2  
  75  6:25  Probe  
  75  6:26  Probe  
  75  6:29  Probe  
  78  6:38  Probe x2  
  80  6:40  Gateway  
  80  6:42  Probe  
  81  6:47  Sentry x2  
  81  6:48  Pylon  
  81  6:50  Probe x2  
  81  6:51  Gateway  
  87  7:01  Probe  
  87  7:02  Gateway, Probe x2  
  87  7:04  Sentry x2  
  87  7:07  Assimilator  
  87  7:08  Assimilator  
  94  7:14  Probe  
  95  7:16  Stalker x3  
  95  7:18  Pylon  
  95  7:19  Probe x2  
  103  7:26  Probe  
  103  7:28  Immortal  
  108  7:30  Photon Cannon  
  108  7:36  Stalker x2  
  112  7:37  Zealot  
  112  7:38  Probe  
  112  7:39  Probe x2  
  112  7:42  Stalker  
  119  7:45  Stalker  
  119  7:46  Stalker  
  123  7:52  Stalker  
  125  8:03  Pylon  
  125  8:04  Pylon  
  125  8:05  Robotics Bay, Pylon  
  125  8:16  Stalker  
  125  8:26  Warp Prism  
  125  8:30  Stalker x3  
  125  8:31  Stalker x4  
  139  8:34  Photon Cannon  
  139  8:35  Photon Cannon  
  139  8:36  Shield Battery  
  139  8:39  Photon Cannon  
  139  8:46  Probe x2  
  140  8:49  Stalker  
  140  8:55  Stalker x4  
  138  8:56  Stalker  
  135  9:07  Stalker x2  
  135  9:14  Archon  
  131  9:18  Stalker x2  
  131  9:20  Stalker x3  
  125  9:25  Stalker  
  119  9:33  Stalker x2  
  119  9:36  Cybernetics Core  
  123  9:48  Pylon  
  123  9:52  Pylon  
  119  9:58  Pylon  
  116  10:07  Disruptor (Chrono Boost)  
  116  10:12  Stalker x5  
  124  10:15  Gateway  
  124  10:17  Gateway  
  122  10:34  Disruptor (Chrono Boost)  
  122  10:35  Stalker  
  112  10:36  Stalker x4  
  86  11:00  Stalker x3  
  86  11:02  Stalker x2  
  74  11:10  Stalker  
  72  11:17  Stalker  
  64  11:25  Stalker  
  64  11:26  Stalker x2  
  66  11:36  Stalker x2  
  62  11:47  Stalker x2  
  53  11:54  Stalker  
  53  12:00  Stalker  
Show
View Real Time Build Order
Export as new Build Order

Solar Zerg - Winner!

Build Orders: Hatch First 

Get SALT Encoding   

  12  0:00  Drone  
  13  0:11  Overlord  
  13  0:16  Drone  
  14  0:30  Drone  
  14  0:31  Drone  
  16  0:48  Hatchery  
  15  0:51  Drone  
  15  0:54  Drone  
  17  0:57  Drone  
  18  1:08  Extractor  
  17  1:13  Spawning Pool  
  17  1:16  Drone  
  17  1:19  Drone  
  18  1:27  Drone  
  19  1:38  Drone  
  20  1:48  Overlord  
  20  2:01  Queen  
  22  2:02  Queen  
  22  2:03  Zergling x4  
  26  2:09  Metabolic Boost  
  26  2:11  Drone  
  26  2:12  Drone  
  28  2:20  Drone  
  28  2:22  Drone  
  30  2:35  Hatchery  
  29  2:38  Zergling x2  
  29  2:39  Drone  
  31  2:46  Queen  
  33  2:51  Overlord  
  33  2:54  Drone  
  33  2:56  Drone  
  33  2:57  Drone  
  36  3:11  Drone x6  
  42  3:14  Drone  
  42  3:17  Overlord  
  42  3:19  Drone  
  44  3:31  Roach Warren  
  44  3:32  Drone  
  44  3:35  Drone x2  
  46  3:45  Drone x4  
  46  3:48  Zergling x4  
  52  3:50  Overlord  
  52  3:56  Extractor  
  52  3:59  Zergling x2  
  52  4:00  Zergling x2  
  53  4:05  Overlord, Queen  
  55  4:11  Roach x2  
  55  4:13  Roach x2  
  63  4:21  Spore Crawler  
  63  4:22  Zergling x8  
  63  4:24  Overlord x2  
  66  4:26  Zergling x2  
  66  4:27  Zergling x6  
  66  4:31  Overlord  
  70  4:32  Ravager  
  70  4:36  Overlord  
  71  4:39  Overlord  
  71  4:41  Overlord  
  71  4:46  Ravager  
  71  4:47  Spore Crawler, Drone  
  71  4:51  Drone x3  
  71  4:52  Zergling x4  
  77  4:55  Ravager  
  77  4:56  Zergling x2  
  77  4:59  Zergling x6  
  82  5:03  Zergling x2  
  83  5:08  Ravager  
  83  5:09  Zergling x6  
  83  5:10  Zergling x2  
  83  5:12  Zergling x2  
  89  5:18  Zergling x2  
  89  5:19  Zergling x2  
  90  5:22  Overlord  
  90  5:25  Zergling x10  
  90  5:27  Drone x2  
  97  5:31  Lair  
  97  5:33  Zergling x2  
  98  5:39  Zergling x6  
  98  5:42  Extractor  
  100  5:47  Overlord  
  100  5:55  Zergling x4  
  92  5:58  Drone x6  
  92  5:59  Drone x2  
  92  6:04  Zergling x8  
  98  6:11  Extractor, Drone  
  96  6:12  Extractor, Spore Crawler  
  96  6:14  Overlord  
  96  6:15  Extractor  
  96  6:16  Drone  
  93  6:22  Drone x2  
  93  6:23  Drone  
  96  6:29  Drone x3  
  96  6:30  Overlord  
  96  6:31  Drone x3  
  96  6:32  Drone x2, Glial Reconstitution  
  103  6:37  Overseer  
  103  6:40  Spire  
  103  6:41  Drone  
  103  6:42  Drone  
  103  6:43  Drone  
  104  6:48  Drone x2  
  104  6:51  Overseer  
  107  6:54  Drone  
  107  7:00  Roach x3  
  107  7:05  Overlord  
  107  7:11  Overlord  
  107  7:12  Drone x2  
  107  7:13  Drone  
  107  7:14  Drone  
  111  7:15  Overlord  
  111  7:21  Roach x2  
  115  7:23  Overlord  
  115  7:28  Roach x4  
  115  7:29  Roach  
  122  7:32  Hatchery  
  121  7:40  Roach x2  
  124  7:49  Overlord  
  124  7:50  Roach x3  
  130  7:52  Mutalisk x5  
  130  7:54  Mutalisk x2  
  144  7:59  Roach x2  
  144  8:02  Ravager x3  
  144  8:04  Overlord  
  144  8:05  Roach x2  
  155  8:06  Zergling x2  
  155  8:08  Roach  
  155  8:10  Roach  
  160  8:13  Roach x2  
  160  8:16  Roach  
  160  8:19  Overlord  
  166  8:21  Zergling x2  
  166  8:25  Zergling x6, Ravager  
  171  8:30  Ravager  
  171  8:32  Zergling x4  
  174  8:34  Overseer  
  174  8:36  Zergling x2  
  174  8:40  Zergling x4  
  177  8:47  Zergling x10, Queen  
  183  8:52  Roach x3  
  185  8:56  Roach x3  
  185  9:00  Roach x2  
  182  9:04  Ravager x3  
  182  9:08  Roach  
  182  9:09  Overlord, Roach  
  189  9:13  Zergling x2, Evolution Chamber  
  178  9:17  Zergling x4  
  178  9:22  Zergling x8  
  178  9:23  Queen  
  179  9:25  Roach, Ravager x2  
  179  9:26  Roach x4  
  185  9:31  Zergling x6  
  185  9:36  Ravager  
  189  9:40  Roach x2  
  189  9:41  Roach x2  
  189  9:44  Zergling x4  
  191  9:51  Roach x5  
  197  9:53  Ravager x2  
  197  9:55  Zerg Missile Weapons Level 1  
  197  9:57  Roach x3  
  196  10:05  Roach x3  
  196  10:06  Roach  
  193  10:09  Roach x4  
  193  10:12  Overseer  
  196  10:17  Roach x2  
  196  10:21  Ravager x2  
  198  10:22  Zergling x2  
  197  10:29  Pneumatized Carapace  
  197  10:30  Zergling x4  
  197  10:31  Overseer  
  197  10:34  Zergling x16  
  198  10:38  Roach x2  
  198  10:41  Roach x2  
  200  10:48  Roach x6  
  200  10:49  Roach x3, Overseer  
  181  10:52  Roach x2  
  181  10:56  Roach x3  
  172  10:58  Roach  
  172  11:03  Zergling x6  
  162  11:10  Roach x2  
  162  11:11  Roach x3  
  168  11:12  Zergling x2, Overseer  
  168  11:16  Zergling x2  
  168  11:17  Zergling x6  
  166  11:21  Roach x2  
  157  11:26  Extractor  
  157  11:27  Zergling x4  
  157  11:28  Extractor  
  142  11:35  Zergling x6  
  142  11:39  Zergling x2  
  133  11:43  Zergling x6  
  130  11:47  Zergling x2  
Tags
 
Add a new tag
Caveats
  • Supply blocks, unpowered buildings, or Contaminate may cause inaccurate times.
  • Supply counts are checked every 10 seconds.